Map: [ESL] Waterfall

Players

Elazer - Winner!

  • Race: Zerg Zerg
  • Spawn Location: 7:00

Ryung

  • Race: Terran Terran
  • Spawn Location: 1:00

Event: DreamHack SC2 Masters 2022 Atlanta (Offline)

VOD

Have the link to the VOD?

Description

Time

  • Played on: Nov. 18, 2022, 7:02 p.m.
  • Length: 11:13

All games in this series

Show
View Real Time Build Order
Export as new Build Order

Elazer Zerg - Winner!

Build Orders: Hatch First 

Get SALT Encoding   

  12  0:00  Drone  
  13  0:12  Overlord  
  13  0:17  Drone  
  14  0:30  Drone x2  
  16  0:47  Hatchery  
  15  0:50  Drone  
  15  0:54  Drone  
  17  0:58  Drone  
  18  1:08  Extractor  
  17  1:12  Spawning Pool  
  17  1:17  Drone  
  17  1:19  Drone  
  18  1:29  Drone  
  19  1:39  Drone  
  20  1:50  Drone  
  21  1:59  Queen x2  
  21  2:00  Zergling x4  
  27  2:10  Drone  
  27  2:12  Metabolic Boost, Overlord  
  28  2:26  Extractor  
  27  2:31  Hatchery  
  27  2:32  Drone  
  27  2:33  Drone  
  28  2:42  Drone x3  
  31  2:44  Extractor  
  31  2:49  Queen  
  32  2:56  Overlord  
  32  2:58  Drone  
  32  3:01  Extractor  
  32  3:03  Drone x2  
  35  3:10  Overlord  
  35  3:11  Drone  
  36  3:16  Drone x3  
  40  3:20  Drone  
  40  3:22  Queen  
  40  3:26  Drone  
  44  3:31  Queen  
  46  3:37  Drone x2  
  48  3:43  Drone x5  
  48  3:48  Queen  
  55  3:52  Overlord  
  55  3:58  Drone x3  
  55  4:02  Overlord  
  58  4:10  Queen  
  58  4:12  Zergling x10  
  64  4:19  Baneling Nest  
  64  4:23  Zergling x2, Overlord  
  64  4:24  Zergling x6  
  67  4:26  Queen  
  67  4:28  Spore Crawler  
  68  4:32  Spore Crawler, Drone  
  68  4:37  Drone x3  
  71  4:42  Overlord  
  71  4:45  Drone x4  
  75  4:49  Spore Crawler  
  74  4:53  Drone x2  
  74  4:55  Lair  
  74  4:58  Zergling x2  
  74  4:59  Drone x3  
  80  5:04  Overlord  
  80  5:05  Queen  
  82  5:09  Drone x2  
  82  5:11  Extractor  
  82  5:12  Extractor  
  83  5:14  Drone  
  83  5:15  Drone x2  
  83  5:18  Overlord  
  91  5:28  Drone x6  
  91  5:31  Drone  
  91  5:34  Hatchery  
  90  5:36  Overlord  
  90  5:40  Drone x5  
  95  5:46  Extractor  
  95  5:47  Overlord  
  93  5:52  Overlord  
  93  5:56  Overseer  
  93  5:57  Centrifugal Hooks  
  93  5:59  Zergling x2  
  93  6:00  Zergling x10  
  93  6:01  Evolution Chamber  
  93  6:02  Drone, Evolution Chamber  
  98  6:05  Overseer  
  98  6:11  Drone  
  98  6:16  Drone x5  
  104  6:21  Drone x7  
  104  6:22  Hatchery  
  110  6:29  Zerg Ground Armor Level 1, Zerg Melee Weapons Level 1, Overlord  
  110  6:30  Drone  
  111  6:43  Overlord  
  111  6:44  Zergling x10  
  116  6:53  Pneumatized Carapace  
  116  6:54  Zergling x18, Burrow  
  116  6:59  Baneling, Hatchery  
  116  7:00  Baneling x4  
  124  7:14  Zergling x18  
  132  7:27  Overlord  
  132  7:28  Baneling  
  132  7:29  Baneling x6  
  132  7:31  Zergling x6  
  132  7:32  Zergling x16  
  143  7:37  Baneling x4  
  143  7:41  Zergling x16  
  146  7:45  Zergling x4  
  146  7:49  Zergling x10  
  148  7:54  Zergling x8  
  150  7:58  Zergling x4  
  149  8:08  Zergling x16  
  149  8:14  Zergling x8  
  130  8:20  Zergling x2  
  130  8:21  Zergling x16  
  130  8:26  Zerg Melee Weapons Level 2, Zerg Ground Armor Level 2  
  130  8:28  Zergling x2  
  130  8:29  Zergling x12  
  130  8:32  Baneling x6  
  133  8:40  Zergling x12  
  133  8:41  Queen x2  
  137  8:46  Baneling  
  137  8:47  Baneling x9  
  139  8:48  Zergling x2  
  139  8:49  Zergling x10  
  139  8:53  Zergling x24  
  139  8:54  Queen x4  
  162  9:05  Zergling x6  
  162  9:09  Zergling x14  
  147  9:14  Zergling x2  
  147  9:16  Zergling x2  
  147  9:17  Zergling x4  
  147  9:20  Baneling x18  
  147  9:23  Overlord x3  
  136  9:32  Zergling x20  
  136  9:37  Zergling x10  
  148  9:41  Zergling x4  
  139  9:47  Zergling x8  
  139  9:48  Zergling x8  
  144  10:02  Zergling x12  
  144  10:06  Hatchery  
  145  10:08  Zergling x6  
  144  10:16  Zergling x6  
  147  10:22  Baneling x13  
  147  10:23  Zergling x12  
  147  10:26  Zergling x10  
  147  10:27  Zergling x20  
  168  10:31  Overlord x3  
  168  10:33  Baneling x7  
  168  10:36  Hatchery  
  151  10:43  Zergling x12  
  145  10:53  Zergling x28  
Show
View Real Time Build Order
Export as new Build Order

Ryung Terran 

Build Orders: Reaper Expand, Hellion Banshee 

Get SALT Encoding   

  12  0:00  SCV  
  13  0:12  SCV  
  14  0:16  Supply Depot  
  14  0:24  SCV  
  15  0:38  SCV  
  15  0:39  Barracks  
  16  0:43  Refinery  
  16  0:50  SCV  
  17  1:02  SCV  
  18  1:14  SCV  
  19  1:26  Reaper, Orbital Command  
  20  1:40  Command Center  
  20  1:49  Supply Depot  
  20  1:52  SCV  
  21  1:58  Marine  
  22  2:04  SCV  
  22  2:07  Factory  
  23  2:15  Refinery  
  23  2:17  SCV  
  23  2:20  Barracks Reactor  
  24  2:29  SCV  
  25  2:41  SCV  
  26  2:51  Orbital Command  
  26  2:53  SCV, Starport  
  27  3:05  Hellion x2, SCV  
  32  3:08  Barracks Tech Lab  
  32  3:17  SCV x2  
  34  3:25  Supply Depot  
  34  3:26  Hellion x2  
  38  3:29  SCV x2  
  39  3:41  SCV x2  
  39  3:43  Banshee, Cloaking Field  
  39  3:44  Barracks Tech Lab  
  39  3:48  Hellion  
  46  3:50  Hellion  
  46  3:53  SCV x2  
  50  3:56  Supply Depot  
  50  4:02  Stimpack  
  50  4:05  SCV x2  
  52  4:16  Marine  
  52  4:17  SCV  
  52  4:18  SCV  
  54  4:25  Command Center  
  54  4:26  Factory Reactor  
  54  4:36  Supply Depot  
  54  4:37  SCV x2  
  56  4:47  Banshee  
  56  4:49  Barracks  
  56  4:50  SCV x2  
  56  4:51  Barracks  
  61  4:53  Marine  
  62  5:02  SCV x2  
  62  5:05  Engineering Bay x2  
  64  5:08  Refinery  
  64  5:09  Refinery  
  64  5:11  Supply Depot  
  64  5:13  Marine  
  64  5:14  SCV x2  
  67  5:26  SCV x2  
  69  5:37  Terran Infantry Weapons Level 1  
  69  5:38  SCV x2, Terran Infantry Armor Level 1, Orbital Command  
  69  5:39  Starport Reactor  
  69  5:41  Barracks  
  71  5:43  Barracks  
  71  5:44  Siege Tank  
  71  5:48  Combat Shield  
  74  5:50  SCV, Marine x4  
  74  5:53  Marine  
  74  5:57  SCV  
  81  5:59  Supply Depot  
  81  6:02  SCV  
  82  6:05  Orbital Command  
  82  6:09  SCV  
  83  6:11  Marine x3  
  83  6:12  Marine x2  
  83  6:16  Medivac x2  
  83  6:18  Supply Depot x2  
  92  6:21  Siege Tank  
  92  6:23  SCV x2  
  97  6:29  Marine  
  97  6:31  Armory  
  97  6:32  SCV  
  99  6:34  Marine  
  99  6:35  SCV  
  99  6:37  Barracks Reactor x2  
  99  6:39  SCV  
  102  6:42  Marine x2  
  102  6:43  Refinery  
  102  6:44  SCV  
  105  6:49  Medivac  
  107  6:55  Supply Depot x2  
  107  6:58  Supply Depot  
  107  7:00  Marine x3  
  110  7:02  Siege Tank  
  110  7:03  SCV  
  110  7:04  SCV  
  110  7:07  Marine x2  
  117  7:16  Marine x2  
  117  7:17  Marine  
  117  7:18  Supply Depot, Marine  
  117  7:21  Supply Depot  
  117  7:22  Supply Depot x2  
  121  7:24  SCV x2  
  123  7:31  Marine x4  
  123  7:32  Marine  
  123  7:34  Marine x2  
  123  7:35  Marine  
  123  7:37  Marine  
  130  7:44  SCV x2  
  130  7:45  Orbital Command  
  130  7:49  Marine x4  
  130  7:50  Marine  
  130  7:52  Marine x2  
  130  7:53  Marine  
  130  7:54  Marine  
  126  8:06  Terran Infantry Weapons Level 2  
  126  8:07  Marine x4  
  126  8:08  Marine  
  126  8:09  Marine  
  126  8:10  Marine  
  126  8:11  Marine  
  134  8:13  Marine  
  125  8:24  Marine  
  125  8:25  Marine x3  
  125  8:26  Marine  
  117  8:27  Marine x2  
  117  8:29  Marine  
  117  8:30  Marine  
  117  8:33  SCV x2  
  120  8:42  Marine x2  
  120  8:43  Marine x2  
  120  8:44  Marine  
  120  8:45  Marine x2  
  120  8:46  Marine  
  125  8:48  Marine  
  124  9:00  Marine x3  
  124  9:01  Marine x2  
  127  9:03  Marine x2  
  127  9:04  Marine  
  127  9:06  Marine  
  107  9:11  Medivac  
  107  9:12  Medivac  
  99  9:18  Siege Tank, Marine x4  
  99  9:19  Marine  
  99  9:21  Marine x2  
  99  9:22  Marine  
  110  9:24  Supply Depot, Marine  
  108  9:36  Marine x4  
  108  9:37  Marine  
  99  9:38  Marine  
  99  9:39  Marine  
  99  9:40  Marine  
  99  9:42  Marine  
  94  9:47  Orbital Command  
  94  9:50  Siege Tank  
  95  9:54  Marine x4  
  95  9:55  Marine  
  95  9:56  Marine x2  
  95  9:58  Marine  
  95  9:59  Marine  
  104  10:11  Marine  
  104  10:12  Marine x3  
  104  10:13  Marine  
  109  10:14  Marine x2  
  109  10:16  Marine  
  109  10:17  Marine  
  109  10:19  Medivac  
  115  10:23  Medivac  
  117  10:29  Marine x3  
  117  10:30  Marine  
  117  10:31  Marine  
  117  10:32  Marine  
  123  10:38  Marine x2  
  123  10:42  Marine  
  123  10:47  Marine x4  
  123  10:49  Marine  
  118  10:50  Marine  
Tags
 
Add a new tag
Caveats
  • Supply blocks, unpowered buildings, or Contaminate may cause inaccurate times.
  • Supply counts are checked every 10 seconds.